 Dungeon Crawl Stone Soup version 0.25.0-9-g26727b657a (webtiles) character file.

Game seed: 12224326214503597281

422 Delamore the Cudgeler (level 6, -3/37 HPs)
             Began as a Gargoyle Fighter on June 18, 2020.
             Slain by a gnoll
             ... wielding a +0 spear
              (4 damage)
             ... on level 4 of the Dungeon.
             The game lasted 00:02:46 (3698 turns).

Delamore the Cudgeler (Gargoyle Fighter)            Turns: 3698, Time: 00:02:47

Health: -3/37      AC: 11    Str: 22    XL:     6   Next: 95%
Magic:  0/6        EV:  9    Int:  8    God:
Gold:   141        SH:  4    Dex:  9    Spells: 5/5 levels left

rFire    + . .     SeeInvis .   a - +0 flail
rCold    + . .     Gourm    .   k - +0 buckler
rNeg     + . .     Faith    .   b - +0 scale mail
rPois    ∞         Spirit   +   (no helmet)
rElec    +         Reflect  .   i - scarf {rC+ rF+}
rCorr    .         Harm     .   (no gloves)
MR       .....                  (no boots)
Stlth    ..........             p - amulet of guardian spirit
HPRegen  0.12/turn              (no ring)
MPRegen  0.10/turn              (no ring)

@: mighty
A: negative energy resistance 1, electricity resistance, unbreathing,
petrification resistance, rot immunity, AC +4
a: no special abilities


You were on level 4 of the Dungeon.
You were not hungry.

You visited 1 branch of the dungeon, and saw 4 of its levels.

You collected 141 gold pieces.

Inventory:

Hand Weapons
 a - a +0 flail (weapon)
Missiles
 l - 4 poisoned darts (quivered)
Armour
 b - a +0 scale mail (worn)
 c - a +0 kite shield
 i - a scarf of resistance (worn)
 k - a +0 buckler (worn)
Jewellery
 p - an amulet of guardian spirit (around neck)
Scrolls
 e - 2 scrolls of enchant armour {unknown}
 g - 9 scrolls of identify {unknown}
 h - 4 scrolls of remove curse {unknown}
 j - a scroll of fear {unknown}
 o - a scroll of random uselessness {unknown}
 q - 4 scrolls of teleportation {unknown}
 s - a scroll of magic mapping {unknown}
Potions
 d - a potion of might
 n - a potion of heal wounds {unknown}
 r - a potion of flight {unknown}
Comestibles
 f - 10 rations


   Skills:
 - Level 3.2 Fighting
 + Level 7.2 Maces & Flails
 - Level 3.2 Armour
 - Level 3.2 Shields


You had 5 spell levels left.
You didn't know any spells.
Your spell library was empty.

Dungeon Overview and Level Annotations

Branches:
Dungeon (4/15)
 Temple: D:4-7

Altars:
Ru
Xom


Innate Abilities, Weirdness & Mutations

You are resistant to torment.
Your stone body is resilient. (AC +4)
You are immune to poison.
You resist negative energy. (rN+)
You are resistant to electric shocks. (rElec)
You can survive without breathing.
You are immune to petrification.
You are immune to rotting.


Message History

Your Maces & Flails skill increases to level 7!
You barely miss the gnoll. The gnoll barely misses you.
You thump the gnoll!
You kill the gnoll!
The gnoll hits you but does no damage. You block the gnoll's attack.
The gnoll hits you but does no damage.
Items here: ( ))) † a cursed +0 club; a +0 giant spiked club; a +0 whip; 9 poisoned darts a gnoll corpse You closely miss the gnoll.
The gnoll barely misses you.
The gnoll hits you with a +0 spear of venom.
* * * LOW HITPOINT WARNING * * *
You bludgeon the gnoll!!
You kill the gnoll!
The gnoll hits you from afar with a +0 spear.
* * * LOW HITPOINT WARNING * * *
You sock the gnoll!
The gnoll is heavily wounded.
The gnoll hits you from afar with a +0 spear.
You die...

#....# #g###≈≈P
#########''''########## #. #≈≈.
........................ #.g #≈≈.
≈≈≈≈≈≈≈≈≈...Og≈≈≈≈≈≈≈≈≈≈≈#####≈≈.
≈≈≈≈≈≈≈≈≈...)≈≈≈≈≈≈≈≈≈≈≈≈≈≈≈≈≈≈≈.
≈≈≈≈≈≈≈≈≈..[.g≈≈≈≈≈≈≈≈≈≈≈≈≈≈≈≈≈≈.
.............g..†.............P..
#...###.##.###g###############.##
##.####.##.....g@)(........###.##
#..............###########.......
....###.######.# #####.## ##..#
#.# #.# #.## ##.)###.######.#
#.## ...............# #.#.
........#### ### ##.#. ##..#####
#..#. ....# #.###


You could see 3 gnolls.

Vanquished Creatures
  An ogre (D:4)
  2 gnoll shamans (D:4)
  A worker ant (D:4)
  10 gnolls (D:4)
  5 adders
  An ooze (D:2)
  An adder skeleton (D:4)
  A worm (D:2)
  A dart slug (D:2)
  4 leopard geckos
  5 orcs (D:3)
  2 giant cockroaches
  5 goblins
  11 hobgoblins
  19 jackals
  7 bats
  4 frilled lizards
  11 kobolds
  8 rats
99 creatures vanquished.

Notes
Turn   | Place    | Note
-------+----------+-------------------------------------------
     0 | D:1      | Delamore the Gargoyle Fighter began the quest for the Orb.
     0 | D:1      | Reached XP level 1. HP: 14/14 MP: 1/1
   212 | D:1      | Reached XP level 2. HP: 19/19 MP: 2/2
   490 | D:1      | Reached skill level 3 in Maces & Flails
   880 | D:1      | Reached XP level 3. HP: 22/23 MP: 3/3
  1269 | D:2      | Found a sacrificial altar of Ru.
  1350 | D:2      | Reached skill level 4 in Maces & Flails
  1523 | D:2      | Found a shimmering altar of Xom.
  1652 | D:2      | Reached XP level 4. HP: 28/28 MP: 4/4
  2051 | D:2      | Found a faded altar of an unknown god.
  2695 | D:3      | Reached skill level 5 in Maces & Flails
  2695 | D:3      | Reached XP level 5. HP: 32/32 MP: 5/5
  3533 | D:4      | Reached skill level 6 in Maces & Flails
  3657 | D:4      | Reached XP level 6. HP: 34/37 MP: 4/6
  3692 | D:4      | Reached skill level 7 in Maces & Flails
  3697 | D:4      | HP: 1/37 [gnoll/+0 spear (2)]
  3698 | D:4      | Slain by a gnoll

Illustrated notes

Levels and vault maps discovered:
D:1:      kilobyte_arrival_exit_the_forest, layout_basic
D:2:      layout_loops_ring, nicolae_ru_the_path_less_chosen,
          nicolae_overflow_hidden_temple, chequers_ecumenical_altar_simple_redux
D:3:      layout_basic
D:4:      lemuel_castle_with_subvaults [lemuel_castle_interior_original],
          layout_loops_ring, first_ration

Skill      XL: |  1  2  3  4  5  6 |
---------------+-------------------+-----
Maces & Flails | 3 4 5 6 7 |  7.2
Fighting       | |  3.2
Armour         | |  3.2
Shields        | |  3.2

Action                   |  1- 3 |  4- 6 || total
-------------------------+-------+-------++-------
Melee: Flail             |   162 |   280 ||   442
  Use: Potion            |       |     1 ||     1
  Eat: Chunk             |     3 |     7 ||    10
Armor: Scale mail        |    86 |   167 ||   253
Dodge: Dodged            |    71 |   146 ||   217
Block: Kite shield       |    35 |       ||    35
       Buckler           |    16 |    79 ||    95
